TOP OF THE 1ST |
Chicago Tula batting - Pitching for Grim Reapers : LHP Francisco Burgos
|
Pitching: LHP Francisco Burgos
|
|
Batting: RHB Micheal Lovell
|
0-0: Ball 1-0: Foul Ball, location: 2F 1-1: Called Strike 1-2: Foul Ball, location: 2F 1-2: Ground out 6-3 (Groundball, 6)
|
Batting: RHB José Palácios
|
0-0: Ball 1-0: Foul Ball, location: 2F 1-1: Ball 2-1: Ball 3-1: Base on Balls
|
Batting: RHB Alfonso Morín
|
0-0: Ball 1-0: Fly out, F9 (Flyball, 9LMF)
|
Batting: RHB Arturo Scantlebury
|
0-0: Swinging Strike 0-1: Foul Ball, location: 2F 0-2: Strikes out looking
|
Top of the 1st over - 0 run(s), 0 hit(s), 0 error(s), 1 left on base; Chicago 0 - Grim 0 |
BOTTOM OF THE 1ST |
Grim Reapers batting - Pitching for Chicago Tula : RHP António Alomar
|
Pitching: RHP António Alomar
|
|
Batting: SHB Javier Vázquez
|
0-0: Called Strike 0-1: SINGLE (Line Drive, 78S)
|
Batting: RHB Tomás Costello
|
0-0: Foul Ball, location: 2F 0-1: Foul Ball, location: 2F 0-2: Ball 1-2: Foul Ball, location: 2F 1-2: Ball 2-2: Strikes out swinging
|
Batting: RHB Carlos Evangelho
|
0-0: Ball Javier Vázquez is caught stealing 2nd base 1-0: Called Strike 1-1: Swinging Strike 1-2: Ball 2-2: Strikes out swinging
|
Bottom of the 1st over - 0 run(s), 1 hit(s), 0 error(s), 0 left on base; Chicago 0 - Grim 0 |
TOP OF THE 2ND |
Chicago Tula batting - Pitching for Grim Reapers : LHP Francisco Burgos
|
Batting: SHB Eustacio Tafalla
|
0-0: Foul Ball, location: 2F 0-1: Ball 1-1: Foul Ball, location: 2F 1-2: Ball 2-2: Ball 3-2: Foul Ball, location: 2F 3-2: Strikes out looking
|
Batting: RHB Zahid Kashani
|
0-0: Ball 1-0: Called Strike 1-1: Foul Ball, location: 2F 1-2: Strikes out swinging
|
Batting: RHB Rand McNally
|
0-0: Ball 1-0: Called Strike 1-1: Ball 2-1: Foul Ball, location: 2F 2-2: Strikes out swinging
|
Top of the 2nd over - 0 run(s), 0 hit(s), 0 error(s), 0 left on base; Chicago 0 - Grim 0 |
BOTTOM OF THE 2ND |
Grim Reapers batting - Pitching for Chicago Tula : RHP António Alomar
|
Batting: LHB Dante Aristizabal
|
0-0: Foul Ball, location: 2F 0-1: SINGLE (Groundball, 4MD)
|
Batting: RHB Bernardo Rodríguez
|
0-0: Foul Ball, location: 2F 0-1: Ball 1-1: Foul Ball, location: 2F 1-2: Ball 2-2: Strikes out swinging
|
Batting: RHB Colt Cabana
|
0-0: Ball 1-0: Ball 2-0: Called Strike 2-1: Foul Ball, location: 2F 2-2: Foul Ball, location: 2F 2-2: Foul Ball, location: 2F 2-2: Strikes out looking
|
Batting: RHB Ignacio Hernández
|
0-0: Ball 1-0: Ball 2-0: Foul Ball, location: 2F 2-1: Foul Ball, location: 2F 2-2: Fly out, F8 (Flyball, 8RS)
|
Bottom of the 2nd over - 0 run(s), 1 hit(s), 0 error(s), 1 left on base; Chicago 0 - Grim 0 |
TOP OF THE 3RD |
Chicago Tula batting - Pitching for Grim Reapers : LHP Francisco Burgos
|
Batting: RHB Rubén Arce
|
0-0: Called Strike 0-1: Ball 1-1: Ball 2-1: Ball 3-1: Base on Balls
|
Batting: RHB Tommy Socorro
|
0-0: Grounds into double play, 6-4-3 (Groundball, 6)
|
Batting: RHB Micheal Lovell
|
0-0: Ground out 5-3 (Groundball, 56)
|
Top of the 3rd over - 0 run(s), 0 hit(s), 0 error(s), 0 left on base; Chicago 0 - Grim 0 |
BOTTOM OF THE 3RD |
Grim Reapers batting - Pitching for Chicago Tula : RHP António Alomar
|
Batting: SHB Cash Masters
|
0-0: Ball 1-0: Called Strike 1-1: Called Strike 1-2: Ball 2-2: Ball 3-2: Base on Balls
|
Batting: RHB Ricardo Pulido
|
0-0: Swinging Strike 0-1: SINGLE (Line Drive, 7LM) Cash Masters to second
|
Batting: SHB Javier Vázquez
|
0-0: Ball 1-0: Ball 2-0: Foul Ball, location: 2F 2-1: SINGLE (Groundball, 6D) Cash Masters to third Ricardo Pulido to second
|
Batting: RHB Tomás Costello
|
0-0: Fly out, F2 (Popup, 23)
|
Batting: RHB Carlos Evangelho
|
0-0: Grounds into double play, 6-4-3 (Groundball, 6)
|
Bottom of the 3rd over - 0 run(s), 2 hit(s), 0 error(s), 2 left on base; Chicago 0 - Grim 0 |
TOP OF THE 4TH |
Chicago Tula batting - Pitching for Grim Reapers : LHP Francisco Burgos
|
Batting: RHB José Palácios
|
0-0: Ball 1-0: Called Strike 1-1: Ball 2-1: Ball 3-1: SINGLE (Line Drive, 6)
|
Batting: RHB Alfonso Morín
|
0-0: Ball 1-0: Called Strike 1-1: DOUBLE (Flyball, 78XD) José Palácios to third Runner from 3rd tries for Home, SAFE, throw made at trailing runner, OUT at third!
|
Batting: RHB Arturo Scantlebury
|
0-0: Ball 1-0: Foul Ball, location: 2F 1-1: Called Strike 1-2: Ball 2-2: SINGLE (Groundball, 56D)
|
Batting: SHB Eustacio Tafalla
|
0-0: Called Strike 0-1: Called Strike 0-2: Fly out, F9 (Flyball, 89S)
|
Batting: RHB Zahid Kashani
|
0-0: Ground out 5-3 (Groundball, 56S)
|
Top of the 4th over - 1 run(s), 3 hit(s), 0 error(s), 1 left on base; Chicago 1 - Grim 0 |
BOTTOM OF THE 4TH |
Grim Reapers batting - Pitching for Chicago Tula : RHP António Alomar
|
Batting: LHB Dante Aristizabal
|
0-0: Called Strike 0-1: SINGLE (Groundball, 34D)
|
Batting: RHB Bernardo Rodríguez
|
0-0: Ball 1-0: Ball 2-0: Fielders Choice at 2nd, 1-4 (Groundball, 15S)
|
Batting: RHB Colt Cabana
|
0-0: Foul Ball, location: 2F 0-1: Ball 1-1: Ball 2-1: Foul Ball, location: 2F 2-2: Ball 3-2: Strikes out swinging
|
Batting: RHB Ignacio Hernández
|
0-0: Ball 1-0: Fly out, F7 (Flyball, 7)
|
Bottom of the 4th over - 0 run(s), 1 hit(s), 0 error(s), 1 left on base; Chicago 1 - Grim 0 |
TOP OF THE 5TH |
Chicago Tula batting - Pitching for Grim Reapers : LHP Francisco Burgos
|
Batting: RHB Rand McNally
|
0-0: Swinging Strike 0-1: Fly out, F9 (Flyball, 89S)
|
Batting: RHB Rubén Arce
|
0-0: SINGLE (Groundball, 5D)
|
Batting: RHB Tommy Socorro
|
0-0: Ball 1-0: Called Strike 1-1: Fly out, F8 (Flyball, 89M)
|
Batting: RHB Micheal Lovell
|
0-0: Foul Ball, location: 2F 0-1: Swinging Strike 0-2: Ball 1-2: Ball 2-2: Strikes out swinging
|
Top of the 5th over - 0 run(s), 1 hit(s), 0 error(s), 1 left on base; Chicago 1 - Grim 0 |
BOTTOM OF THE 5TH |
Grim Reapers batting - Pitching for Chicago Tula : RHP António Alomar
|
Batting: SHB Cash Masters
|
0-0: Called Strike 0-1: Ball 1-1: Foul Ball, location: 2F 1-2: Foul Ball, location: 2F 1-2: Foul Ball, location: 2F 1-2: Ball 2-2: Ball 3-2: DOUBLE (Line Drive, 5D)
|
Batting: RHB Ricardo Pulido
|
0-0: Ball 1-0: Ball 2-0: Called Strike 2-1: Fly out, F7 (Line Drive, 7)
|
Batting: SHB Javier Vázquez
|
0-0: Ground out U3 (Groundball, 34) Cash Masters to third
|
Batting: RHB Tomás Costello
|
0-0: Called Strike 0-1: Ball 1-1: Ball 2-1: Foul Ball, location: 2F 2-2: Strikes out swinging
|
Bottom of the 5th over - 0 run(s), 1 hit(s), 0 error(s), 1 left on base; Chicago 1 - Grim 0 |
TOP OF THE 6TH |
Chicago Tula batting - Pitching for Grim Reapers : LHP Francisco Burgos
|
Batting: RHB José Palácios
|
0-0: Swinging Strike 0-1: Ball 1-1: Foul Ball, location: 2F 1-2: Strikes out looking
|
Batting: RHB Alfonso Morín
|
0-0: SINGLE (Flyball, 8LS)
|
Batting: RHB Arturo Scantlebury
|
0-0: Ball 1-0: Foul Ball, location: 2F 1-1: 2-RUN HOME RUN (Flyball, 78XD), Distance : 437 ft
|
Batting: SHB Eustacio Tafalla
|
0-0: Called Strike 0-1: Called Strike 0-2: Foul Ball, location: 2F 0-2: Fly out, F4 (Popup, 4S)
|
Batting: RHB Zahid Kashani
|
0-0: Called Strike 0-1: Ball 1-1: Called Strike 1-2: Fly out, F8 (Flyball, 8LM)
|
Top of the 6th over - 2 run(s), 2 hit(s), 0 error(s), 0 left on base; Chicago 3 - Grim 0 |
BOTTOM OF THE 6TH |
Grim Reapers batting - Pitching for Chicago Tula : RHP António Alomar
|
Batting: RHB Carlos Evangelho
|
0-0: Ball 1-0: Called Strike 1-1: Foul Ball, location: 2F 1-2: Foul Ball, location: 2F 1-2: Fly out, F1 (Line Drive, 15)
|
Batting: LHB Dante Aristizabal
|
0-0: Called Strike 0-1: Foul Ball, location: 2F 0-2: Strikes out swinging
|
Batting: RHB Bernardo Rodríguez
|
0-0: Fly out, F5 (Popup, 5D)
|
Bottom of the 6th over - 0 run(s), 0 hit(s), 0 error(s), 0 left on base; Chicago 3 - Grim 0 |
TOP OF THE 7TH |
Chicago Tula batting - Pitching for Grim Reapers : LHP Francisco Burgos
|
Batting: RHB Rand McNally
|
0-0: Foul Ball, location: 2F 0-1: Ball 1-1: Fly out, F9 (Flyball, 9S)
|
Batting: RHB Rubén Arce
|
0-0: Foul Ball, location: 2F 0-1: Ball 1-1: Ball 2-1: Swinging Strike 2-2: Ball 3-2: Foul Ball, location: 2F 3-2: Fly out, F7 (Flyball, 7D)
|
Batting: RHB Tommy Socorro
|
0-0: Called Strike 0-1: Swinging Strike 0-2: Ball 1-2: Ball 2-2: Fly out, F8 (Flyball, 8LM)
|
Top of the 7th over - 0 run(s), 0 hit(s), 0 error(s), 0 left on base; Chicago 3 - Grim 0 |
BOTTOM OF THE 7TH |
Grim Reapers batting - Pitching for Chicago Tula : RHP António Alomar
|
Batting: RHB Colt Cabana
|
0-0: Called Strike 0-1: Ball 1-1: Swinging Strike 1-2: Ball 2-2: Fly out, F8 (Line Drive, 8LM)
|
Batting: RHB Ignacio Hernández
|
0-0: Reached on error, E5 (Groundball, 56)
|
Batting: SHB Cash Masters
|
0-0: Called Strike Ignacio Hernández is caught stealing 2nd base 0-1: Foul Ball, location: 2F 0-2: Ball 1-2: Foul Ball, location: 2F 1-2: Ball 2-2: Strikes out looking
|
Bottom of the 7th over - 0 run(s), 0 hit(s), 1 error(s), 0 left on base; Chicago 3 - Grim 0 |
TOP OF THE 8TH |
Chicago Tula batting - Pitching for Grim Reapers : LHP Francisco Burgos
|
Batting: RHB Micheal Lovell
|
0-0: Called Strike 0-1: Ball 1-1: Called Strike 1-2: Fly out, F4 (Line Drive, 4)
|
Batting: RHB José Palácios
|
0-0: SINGLE (Line Drive, 7S)
|
Batting: RHB Alfonso Morín
|
0-0: Ball 1-0: Ball 2-0: Fly out, F9 (Flyball, 9S)
|
Batting: RHB Arturo Scantlebury
|
0-0: Called Strike 0-1: Foul Ball, location: 2F 0-2: Ball 1-2: Foul Ball, location: 2F 1-2: Ball 2-2: Fly out, F7 (Flyball, 78M)
|
Top of the 8th over - 0 run(s), 1 hit(s), 0 error(s), 1 left on base; Chicago 3 - Grim 0 |
BOTTOM OF THE 8TH |
Grim Reapers batting - Pitching for Chicago Tula : RHP António Alomar
|
Batting: RHB Ricardo Pulido
|
0-0: Ball 1-0: Foul Ball, location: 2F 1-1: Swinging Strike 1-2: Foul Ball, location: 2F 1-2: Strikes out swinging
|
Pitching: RHP Bryan Tuff
|
|
Batting: SHB Javier Vázquez
|
0-0: Foul Ball, location: 2F 0-1: Called Strike 0-2: Strikes out swinging
|
Batting: RHB Tomás Costello
|
0-0: Called Strike 0-1: Ball 1-1: Foul Ball, location: 2F 1-2: Ball 2-2: SINGLE (Line Drive, 89S)
|
Pitching: RHP Howard Vidaurri
|
|
Batting: RHB Carlos Evangelho
|
0-0: Ball 1-0: Ball 2-0: Ball 3-0: Base on Balls Tomás Costello to second
|
Pitching: LHP Marcos Beringel
|
|
Batting: LHB Dante Aristizabal
|
0-0: Called Strike 0-1: Ball Wild Pitch! Tomás Costello to third Carlos Evangelho to second 1-1: Swinging Strike 1-2: Strikes out looking
|
Bottom of the 8th over - 0 run(s), 1 hit(s), 0 error(s), 2 left on base; Chicago 3 - Grim 0 |
TOP OF THE 9TH |
Chicago Tula batting - Pitching for Grim Reapers : LHP Francisco Burgos
|
Batting: SHB Eustacio Tafalla
|
0-0: Called Strike 0-1: Fly out, F9 (Flyball, 9D)
|
Batting: RHB Zahid Kashani
|
0-0: SINGLE (Flyball, 9LS)
|
Batting: RHB Rand McNally
|
0-0: Ball 1-0: Foul Ball, location: 2F 1-1: Ball 2-1: Ball 3-1: Foul Ball, location: 2F 3-2: Foul Ball, location: 2F 3-2: Foul Ball, location: 2F 3-2: Strikes out swinging Zahid Kashani is caught stealing 2nd base Batter strikes out.
|
Top of the 9th over - 0 run(s), 1 hit(s), 0 error(s), 0 left on base; Chicago 3 - Grim 0 |
BOTTOM OF THE 9TH |
Grim Reapers batting - Pitching for Chicago Tula : LHP Marcos Beringel
|
Pitching: RHP Joseph Chartier
|
|
Batting: RHB Bernardo Rodríguez
|
0-0: Called Strike 0-1: Swinging Strike 0-2: Strikes out looking
|
Batting: RHB Colt Cabana
|
0-0: Ball 1-0: Foul Ball, location: 2F 1-1: Foul Ball, location: 2F 1-2: Foul Ball, location: 2F 1-2: Ball 2-2: Fly out, F8 (Flyball, 8RM)
|
Batting: RHB Ignacio Hernández
|
0-0: SINGLE (Groundball, 56S) (infield hit)
|
Batting: SHB Cash Masters
|
0-0: Called Strike 0-1: Ball 1-1: Foul Ball, location: 2F 1-2: Ball 2-2: SINGLE (Line Drive, 6D) Ignacio Hernández to second
|
Batting: RHB Ricardo Pulido
|
0-0: Fly out, F8 (Line Drive, 8LM)
|
Bottom of the 9th over - 0 run(s), 2 hit(s), 0 error(s), 2 left on base; Chicago 3 - Grim 0 |
|